[Event "2023 Fred Maris Cup (Division F)"]
[Site "Woodvale, Perth WA AUS"]
[Date "2023.07.05"]
[Round "4"]
[White "Jahn, Harold"]
[Black "Gough, Sebastian"]
[Result "0-1"]
[ECO "A40"]
[WhiteElo "1081"]
[BlackElo "1072"]
[PlyCount "62"]
[EventDate "2023.06.14"]
[EventType "swiss"]
[EventRounds "6"]
[EventCountry "AUS"]
[TimeControl "3000+30"]

1. d4 Nc6 2. f3 e6 3. e3 Nf6 4. c3 Be7 5. Nd2 O-O 6. Bd3 b6 7. Ne2 Bb7 8. O-O
d5 9. Ne4 dxe4 10. Bxe4 Bd6 11. g3 h6 12. h3 Na5 13. b3 Bxe4 14. fxe4 Nxe4 15.
Kg2 c6 16. Qd3 f5 17. Rf3 g5 18. g4 fxg4 19. Rxf8+ Qxf8 20. Nf4 gxh3+ 21. Nxh3
Qf5 22. Qe2 Nxc3 23. Qf3 Qxf3+ 24. Kxf3 Rf8+ 25. Kg4 Ne2 26. Kh5 Kg7 27. Bb2
Rf3 28. Rh1 Ng3+ 29. Kg4 Rxe3 30. d5+ Kg6 31. Bc1 h5# 0-1

[Event "2023 Fred Maris Cup (Division F)"]
[Site "Woodvale, Perth WA AUS"]
[Date "2023.07.05"]
[Round "4"]
[White "Rennie, Mike"]
[Black "May, Wendy"]
[Result "1-0"]
[ECO "C47"]
[WhiteElo "891"]
[BlackElo "914"]
[PlyCount "99"]
[EventDate "2023.06.14"]
[EventType "swiss"]
[EventRounds "6"]
[EventCountry "AUS"]
[TimeControl "3000+30"]

1. e4 e5 2. d3 Nf6 3. Nf3 Nc6 4. Nc3 Bc5 5. Be3 Bxe3 6. fxe3 Ng4 7. Qe2 d6 8.
O-O-O Nb4 9. a3 Nc6 10. Nd5 Be6 11. h3 Nh6 12. g4 f6 13. Nh4 g5 14. Nf5 Nxf5
15. gxf5 Bxd5 16. exd5 Na5 17. Qh5+ Kd7 18. Qf7+ Kc8 19. Qe6+ Kb8 20. b4 Re8
21. Qf7 Re7 22. Qxf6 g4 23. bxa5 g3 24. Rg1 b6 25. Kd2 h5 26. Rb1 a6 27. Rxg3
b5 28. c4 b4 29. Rxb4+ Kc8 30. Qg5 c5 31. Rb6 Rb8 32. Rxb8+ Kxb8 33. e4 Qxa5+
34. Ke2 Rb7 35. Qg8+ Ka7 36. Rg7 Rxg7 37. Qxg7+ Kb6 38. f6 Qxa3 39. Kf3 Qc1 40.
Kg2 Qd2+ 41. Kh1 Qf2 42. Bg2 h4 43. f7 Qe1+ 44. Kh2 Qg3+ 45. Qxg3 hxg3+ 46.
Kxg3 a5 47. f8=Q a4 48. Qa8 Kc7 49. Qxa4 Kd8 50. Qc6 1-0

[Event "2023 Fred Maris Cup (Division F)"]
[Site "Woodvale, Perth WA AUS"]
[Date "2023.07.12"]
[Round "5"]
[White "Lanham, Bruce"]
[Black "Bordas, Lindsay"]
[Result "0-1"]
[ECO "D10"]
[WhiteElo "1206"]
[BlackElo "1122"]
[PlyCount "117"]
[EventDate "2023.06.14"]
[EventType "swiss"]
[EventRounds "6"]
[EventCountry "AUS"]
[TimeControl "3000+30"]

1. Nf3 e6 2. g3 d5 3. Bg2 Bd6 4. O-O Nf6 5. c4 c6 6. cxd5 cxd5 7. d4 O-O 8. Nc3
Bd7 9. b3 Bb4 10. Bb2 Qa5 11. Qc2 Rc8 12. Rfc1 Ne4 13. a3 Bxc3 14. b4 Qa4 15.
Qxa4 Bxa4 16. Rab1 Nd7 17. Ne5 Bxb2 18. Rxc8+ Rxc8 19. Rxb2 Nxe5 20. dxe5 Rc2
21. Rxc2 Bxc2 22. Bxe4 dxe4 23. e3 f6 24. exf6 gxf6 25. Kf1 Kg7 26. Ke2 Bd3+
27. Kd2 Kf7 28. Kc3 e5 29. a4 Ke6 30. b5 Kd6 31. Kb3 a6 32. bxa6 Bxa6 33. a5
Kc5 34. h3 b6 35. axb6 Kxb6 36. h4 Be2 37. Kc2 Kc5 38. Kd2 Bf3 39. Kc3 Kd5 40.
Kd2 Kc4 41. Kc2 h5 42. Kd2 Kb3 43. Kc1 Kc3 44. g4 Bxg4 45. f3 Bxf3 46. Kb1 Kd2
47. Kb2 Kxe3 48. Kc3 f5 49. Kc4 f4 50. Kd5 Bg2 51. Kxe5 f3 52. Kf5 f2 53. Kg5
Bf3 54. Kh6 f1=Q 55. Kg5 Qg2+ 56. Kf5 Qg4+ 57. Ke5 Qxh4 58. Kf5 Qf4+ 59. Kg6
0-1

[Event "2023 Fred Maris Cup (Division F)"]
[Site "Woodvale, Perth WA AUS"]
[Date "2023.07.12"]
[Round "5"]
[White "Owen, Geoffrey"]
[Black "Rennie, Mike"]
[Result "0-1"]
[ECO "C34"]
[WhiteElo "1030"]
[BlackElo "891"]
[PlyCount "84"]
[EventDate "2023.06.14"]
[EventType "swiss"]
[EventRounds "6"]
[EventCountry "AUS"]
[TimeControl "3000+30"]

1. e4 e5 2. f4 d6 3. Nf3 Be7 4. Bc4 Nf6 5. O-O O-O 6. Nc3 Nh5 7. d4 exf4 8. Nd5
Be6 9. Nxe7+ Qxe7 10. Bxe6 Qxe6 11. Ng5 Qg6 12. Bxf4 Nxf4 13. Rxf4 Qxg5 14. Rg4
Qe3+ 15. Kh1 Nd7 16. c4 Nf6 17. Rg3 Qxe4 18. Rc1 Rad8 19. Rcc3 c5 20. d5 Qe5
21. Rce3 Ne4 22. Rxg7+ Kxg7 23. Qg4+ Kh8 24. Rxe4 Qxb2 25. h3 f5 26. Qh4 fxe4
27. Qe7 Rf1+ 28. Kh2 Rg8 29. Qxe4 Qe5+ 30. Qxe5+ dxe5 31. d6 Rd1 32. g4 Rxd6
33. Kg3 h5 34. a4 Rh6 35. a5 hxg4 36. hxg4 e4 37. a6 bxa6 38. Kf4 e3 39. Kxe3
Rxg4 40. Kf3 Rhg6 41. Kf2 Re6 42. Kf3 Rgg6 0-1

[Event "2023 Fred Maris Cup (Division F)"]
[Site "Woodvale, Perth WA AUS"]
[Date "2023.07.12"]
[Round "5"]
[White "Gough, Sebastian"]
[Black "Young, Manfred"]
[Result "0-1"]
[ECO "D00"]
[WhiteElo "1072"]
[BlackElo "1090"]
[PlyCount "60"]
[EventDate "2023.06.14"]
[EventType "swiss"]
[EventRounds "6"]
[EventCountry "AUS"]
[TimeControl "3000+30"]

1. d4 d5 2. Bf4 e6 3. Nc3 a6 4. Nf3 Bd6 5. Bxd6 Qxd6 6. e3 Nc6 7. Bd3 Nf6 8.
O-O e5 9. dxe5 Nxe5 10. Nxe5 Qxe5 11. Re1 O-O 12. f4 Qd6 13. Qf3 Bg4 14. Qg3
Rfe8 15. f5 Qxg3 16. hxg3 Re5 17. e4 Rae8 18. Kf2 dxe4 19. Be2 Bxf5 20. Rh1 Bg4
21. Bxg4 Nxg4+ 22. Ke2 Rd8 23. Rh4 h5 24. Rah1 g6 25. Re1 e3 26. Kf3 Rd2 27.
Re2 Rf5+ 28. Ke4 Re5+ 29. Kf3 Rd4 30. a3 Rf5# 0-1

[Event "2023 Fred Maris Cup (Division F)"]
[Site "Woodvale, Perth WA AUS"]
[Date "2023.07.12"]
[Round "5"]
[White "Markou, Victor"]
[Black "Jahn, Harold"]
[Result "1-0"]
[ECO "C40"]
[WhiteElo "1039"]
[BlackElo "1081"]
[PlyCount "70"]
[EventDate "2023.06.14"]
[EventType "swiss"]
[EventRounds "6"]
[EventCountry "AUS"]
[TimeControl "3000+30"]

1. e4 e5 2. Nf3 f6 3. g3 Bc5 4. Bg2 d6 5. O-O Bg4 6. Re1 Nh6 7. d3 Qd7 8. Nbd2
Nc6 9. Nf1 O-O-O 10. Ne3 Nd4 11. Nxg4 Nxg4 12. Bh3 h5 13. Be3 f5 14. c3 Ne6 15.
exf5 Nf8 16. Nxe5 dxe5 17. Bxc5 Qxf5 18. f3 Nd7 19. fxg4 hxg4 20. Bxg4 Qg5 21.
Bf3 e4 22. Be3 Qg6 23. Bxe4 Qe6 24. Qf3 c6 25. Bf5 Qd6 26. Bf4 Qf6 27. Bg4 g5
28. Bxg5 Qxg5 29. Re6 Rdf8 30. Qe4 Kb8 31. Re1 Nc5 32. Qe5+ Qxe5 33. R1xe5 Nxd3
34. Re2 Nc5 35. R6e5 Nd3 {Scoresheet not clear} 1-0

[Event "2023 Fred Maris Cup (Division F)"]
[Site "Woodvale, Perth WA AUS"]
[Date "2023.07.12"]
[Round "5"]
[White "Overste, Brian"]
[Black "May, Wendy"]
[Result "1-0"]
[ECO "C20"]
[WhiteElo "972"]
[BlackElo "914"]
[PlyCount "81"]
[EventDate "2023.06.14"]
[EventType "swiss"]
[EventRounds "6"]
[EventCountry "AUS"]
[TimeControl "3000+30"]

1. e4 e5 2. c4 f6 3. Nc3 Bc5 4. Qg4 g5 5. Qh5+ Kf8 6. Nge2 h6 7. Ng3 Ne7 8. Qf3
Nbc6 9. Nf5 Nb4 10. Bd3 Nxd3+ 11. Qxd3 d6 12. Qf3 Nc6 13. O-O Be6 14. Nd5 Bxf5
15. Qxf5 Kg7 16. a3 Nd4 17. Qg4 h5 18. Qd1 c6 19. Ne3 Qd7 20. Rb1 h4 21. b4 Bb6
22. a4 h3 23. g3 a6 24. a5 Bd8 25. Bb2 f5 26. Bxd4 exd4 27. Nxf5+ Kf8 28. Nxd4
d5 29. Qf3+ Qf7 30. Qg4 Rh6 31. Nf5 Rh8 32. Nd6 Qe7 33. c5 Bc7 34. Qf3+ Kg7 35.
Nf5+ Kf6 36. Nxe7+ Kxe7 37. Rbe1 d4 38. e5 Raf8 39. Qg4 Rfg8 40. Qxd4 Kf7 41.
Qd7+ 1-0

[Event "2023 Fred Maris Cup (Division A)"]
[Site "Woodvale, Perth WA AUS"]
[Date "2023.07.19"]
[Round "5"]
[White "Maggs, Derwent"]
[Black "Plaganyi, Gyula"]
[Result "1/2-1/2"]
[ECO "B07"]
[WhiteElo "2251"]
[BlackElo "1972"]
[BlackTitle "CM"]
[PlyCount "70"]
[EventDate "2023.06.14"]
[EventType "tourn"]
[EventRounds "5"]
[EventCountry "AUS"]
[TimeControl "3000+30"]

1. e4 d6 2. d4 Nf6 3. Nc3 g6 4. Bf4 Bg7 5. Qd2 c6 6. O-O-O b5 7. f3 Nbd7 8. h4
Qa5 9. Kb1 Nb6 10. e5 Nfd5 11. Nxd5 Qxd2 12. Nc7+ Kd7 13. Rxd2 Kxc7 14. Bd3 Be6
15. Nh3 h6 16. Bg3 dxe5 17. dxe5 Nd5 18. Nf2 Nb4 19. a3 Nxd3 20. Nxd3 Rad8 21.
Rhd1 Kc8 22. Nc5 Rxd2 23. Rxd2 Bd5 24. Re2 Rd8 25. Kc1 h5 26. Bf4 Bc4 27. Re1
Rd5 28. b4 Rd4 29. g3 e6 30. Rd1 Rxd1+ 31. Kxd1 Bf8 32. Ne4 Bd5 33. Ng5 Kd7 34.
Be3 a6 35. Ke2 Ke8 1/2-1/2

[Event "2023 Fred Maris Cup (Division A)"]
[Site "Woodvale, Perth WA AUS"]
[Date "2023.07.19"]
[Round "5"]
[White "Lakner, Jay"]
[Black "Maris, Rob"]
[Result "0-1"]
[ECO "A41"]
[WhiteElo "2144"]
[BlackElo "2044"]
[PlyCount "142"]
[EventDate "2023.06.14"]
[EventType "tourn"]
[EventRounds "5"]
[EventCountry "AUS"]
[TimeControl "3000+30"]

1. c4 e5 2. Nc3 d6 3. Nf3 Nc6 4. d4 exd4 5. Nxd4 Bd7 6. g3 Nxd4 7. Qxd4 Bc6 8.
Nd5 h6 9. Bg2 Ne7 10. O-O Nxd5 11. cxd5 Bd7 12. Bf4 Be7 13. Rac1 O-O 14. Qb4 b6
15. Be3 Bf6 16. Bd4 a5 17. Qc3 Bxd4 18. Qxd4 Bb5 19. Rc2 Re8 20. Bf3 Re5 21.
Rfc1 Ra7 22. e4 Re7 23. Bg2 Bd7 24. f4 f6 25. Rc3 Bc8 26. Bf3 Qe8 27. g4 Qg6
28. Kf2 Qf7 29. h4 Kf8 30. h5 Kg8 31. Kg3 Qf8 32. Be2 Qe8 33. Re3 Bb7 34. Bd3
Bc8 35. Kh4 Qd7 36. Rg3 Qd8 37. Kh3 Qe8 38. Kh2 Ra8 39. Qf2 Ba6 40. Bxa6 Rxa6
41. Qe2 Ra8 42. Re3 Qf7 43. Kg3 Rae8 44. Re1 Kh8 45. Qd3 Kg8 46. Kf3 Kf8 47. a4
Kg8 48. Qc2 f5 49. gxf5 Qxh5+ 50. Kg3 Qf7 51. Qd3 Qf6 52. b3 g6 53. e5 dxe5 54.
Kg2 exf4 55. Rxe7 Qg5+ 56. Kf2 Rxe7 57. Rxe7 Qxe7 58. Qc4 Qd6 59. Qe4 Qc5+ 60.
Kg2 Qe3 61. Qe6+ Qxe6 62. fxe6 Kf8 63. Kf3 g5 64. Kg4 Ke7 65. Kf3 h5 66. Ke4
Kd6 67. Kf3 c6 68. dxc6 Kxc6 69. Ke4 Kd6 70. Kf5 Ke7 71. Kxg5 f3 0-1

[Event "2023 Fred Maris Cup (Division A)"]
[Site "Woodvale, Perth WA AUS"]
[Date "2023.07.19"]
[Round "5"]
[White "Gibson, Jacob"]
[Black "Saxon, Marc"]
[Result "0-1"]
[ECO "B27"]
[WhiteElo "1987"]
[BlackElo "2053"]
[PlyCount "118"]
[EventDate "2023.06.14"]
[EventType "tourn"]
[EventRounds "5"]
[EventCountry "AUS"]
[TimeControl "3000+30"]

1. e4 c5 2. Nf3 g6 3. c3 Bg7 4. d4 cxd4 5. cxd4 d5 6. e5 Bg4 7. Bb5+ Nc6 8. O-O
e6 9. h3 Bxf3 10. Qxf3 Nge7 11. Be3 O-O 12. Nd2 Qb6 13. Bxc6 Nxc6 14. Nb3 Qd8
15. Qe2 b6 16. Rac1 Rc8 17. Qd2 f6 18. f4 f5 19. Rc2 Rf7 20. Rfc1 Rfc7 21. a3
a5 22. Qc3 Nxd4 23. Qxc7 Rxc7 24. Nxd4 Rxc2 25. Rxc2 Qd7 26. Nc6 b5 27. Bb6 Bh6
28. Na7 Qb7 29. Rc8+ Bf8 30. Bd4 b4 31. a4 Kf7 32. Rc1 g5 33. Nb5 Kg6 34. Rc7
Qb8 35. Rc6 gxf4 36. Rxe6+ Kh5 37. Rf6 Qc8 38. Na7 Qc1+ 39. Kh2 Bc5 40. Rxf5+
Kg6 41. Rf6+ Kg5 42. Rc6 Qe1 43. Rxc5 Qg3+ 44. Kh1 f3 45. Be3+ Kf5 46. Rc2
fxg2+ 47. Rxg2 Qxh3+ 48. Rh2 Qf3+ 49. Rg2 Qxe3 50. Nb5 Qxe5 51. Rf2+ Kg4 52.
Kg2 h5 53. Rf8 Qxb2+ 54. Kf1 Qa1+ 55. Kg2 Qxa4 56. Rg8+ Kh4 57. Nd4 Qa2+ 58.
Kf3 Qa3+ 59. Kf2 Qb2+ 0-1

[Event "2023 Fred Maris Cup (Division B)"]
[Site "Woodvale, Perth WA AUS"]
[Date "2023.07.19"]
[Round "5"]
[White "De Yaak, Peter"]
[Black "Clarke, Daniel"]
[Result "1-0"]
[ECO "C55"]
[WhiteElo "1897"]
[BlackElo "1902"]
[PlyCount "91"]
[EventDate "2023.06.14"]
[EventType "tourn"]
[EventRounds "5"]
[EventCountry "AUS"]
[TimeControl "3000+30"]

1. e4 e5 2. Bc4 Nc6 3. Nf3 Nf6 4. d3 Be7 5. Nc3 d6 6. a3 Bg4 7. h3 Bh5 8. Be3
Na5 9. Ba2 c5 10. Qe2 Nc6 11. g4 Bg6 12. Nd5 Nxd5 13. Bxd5 Qc7 14. c3 h5 15. g5
h4 16. Rg1 Bh5 17. Bd2 Qd7 18. Rh1 O-O-O 19. O-O-O Rdf8 20. Rdf1 f6 21. Qe3
Bxf3 22. Qxf3 fxg5 23. Qg2 Rh6 24. Be3 Rhf6 25. Kb1 Kc7 26. Bb3 Nd8 27. d4 Qb5
28. Bc2 Nc6 29. Rd1 Na5 30. Bd3 Nc4 31. Bxc4 Qxc4 32. Qxg5 Qf7 33. dxe5 dxe5
34. Qxe5+ Bd6 35. Rxd6 Rxd6 36. Bxc5 Qf6 37. Bxd6+ Qxd6 38. Qxg7+ Kc6 39. Rg1
Rf6 40. f3 Qd3+ 41. Ka1 Qxf3 42. Qg5 Rf4 43. Qd5+ Kb6 44. Rg6+ Rf6 45. Qd4+ Kc7
46. Rxf6 1-0

[Event "2023 Fred Maris Cup (Division B)"]
[Site "Woodvale, Perth WA AUS"]
[Date "2023.07.19"]
[Round "5"]
[White "Doshi, Chirag"]
[Black "Gough, Dylan"]
[Result "0-1"]
[ECO "B07"]
[WhiteElo "1870"]
[BlackElo "1762"]
[PlyCount "38"]
[EventDate "2023.06.14"]
[EventType "tourn"]
[EventRounds "5"]
[EventCountry "AUS"]
[TimeControl "3000+30"]

1. e4 d6 2. d4 Nf6 3. Bd3 c6 4. Ne2 g6 5. O-O Bg7 6. f4 O-O 7. f5 Nbd7 8. c4 e5
9. fxe6 fxe6 10. Nbc3 c5 11. d5 Ne5 12. Bg5 exd5 13. Nxd5 Be6 14. Nec3 h6 15.
Bxf6 Bxf6 16. Nxf6+ Rxf6 17. b3 Rxf1+ 18. Qxf1 Qg5 19. Qe2 Bg4 0-1

[Event "2023 Fred Maris Cup (Division B)"]
[Site "Woodvale, Perth WA AUS"]
[Date "2023.07.12"]
[Round "5"]
[White "Wolstencroft, Alan"]
[Black "Curthoys, Edward"]
[Result "1/2-1/2"]
[ECO "B15"]
[WhiteElo "1834"]
[BlackElo "1848"]
[PlyCount "39"]
[EventDate "2023.06.14"]
[EventType "tourn"]
[EventRounds "5"]
[EventCountry "AUS"]
[TimeControl "3000+30"]

1. e4 c6 2. d4 d5 3. Nc3 dxe4 4. Nxe4 Nf6 5. Nxf6+ exf6 6. c3 Bf5 7. Bd3 Bxd3
8. Qxd3 Bd6 9. Ne2 O-O 10. Be3 a5 11. O-O-O Re8 12. h4 Nd7 13. g4 Nf8 14. g5
Qe7 15. gxf6 Qxf6 16. Rdg1 Ng6 17. Bg5 Qe6 18. Ng3 Nf4 19. Qd2 Ne2+ 20. Nxe2
1/2-1/2

[Event "2023 Fred Maris Cup (Division C)"]
[Site "Woodvale, Perth WA AUS"]
[Date "2023.07.19"]
[Round "5"]
[White "Michael, Ashley"]
[Black "Oswald, Franz"]
[Result "0-1"]
[ECO "B30"]
[WhiteElo "1588"]
[BlackElo "1641"]
[PlyCount "48"]
[EventDate "2023.06.14"]
[EventType "tourn"]
[EventRounds "5"]
[EventCountry "AUS"]
[TimeControl "3000+30"]

1. e4 c5 2. Nf3 Nc6 3. b4 Nxb4 4. c3 Nc6 5. d4 d5 6. e5 cxd4 7. cxd4 Bf5 8. Nc3
e6 9. Bg5 Be7 10. Bxe7 Ngxe7 11. Qb3 O-O 12. Qxb7 Rb8 13. Qa6 Nb4 14. Qxa7 Nc2+
15. Kd2 Nxa1 16. Bd3 Bxd3 17. Kxd3 Nc6 18. Qa4 Nb4+ 19. Kd2 Nbc2 20. Rc1 Ra8
21. Qc6 Qc8 22. Qxc8 Rfxc8 23. Ne1 Nxd4 24. Kd3 Nb5 0-1

[Event "2023 Fred Maris Cup (Division C)"]
[Site "Woodvale, Perth WA AUS"]
[Date "2023.07.19"]
[Round "5"]
[White "Browning, Thomas"]
[Black "Garang, Kuol Awan"]
[Result "1-0"]
[ECO "A40"]
[WhiteElo "1620"]
[BlackElo "1632"]
[PlyCount "101"]
[EventDate "2023.06.14"]
[EventType "tourn"]
[EventRounds "5"]
[EventCountry "AUS"]
[TimeControl "3000+30"]

1. d4 e5 2. dxe5 Nc6 3. Nf3 Bc5 4. e3 Nge7 5. b3 O-O 6. Bb2 Re8 7. Bd3 a6 8.
Bxh7+ Kxh7 9. Ng5+ Kg6 10. Qg4 Bb4+ 11. Kf1 f5 12. exf6 d6 13. Ne6+ Kf7 14.
Nxd8+ Rxd8 15. Qxg7+ Ke6 16. fxe7 Re8 17. Qf6+ Kd7 18. Nc3 Nxe7 19. e4 c6 20.
Rd1 Kc7 21. a3 Ng8 22. Qf7+ Bd7 23. axb4 Rf8 24. Qg7 Rae8 25. e5 d5 26. e6 Ne7
27. exd7 Kxd7 28. Na4 Rg8 29. Nc5+ Kc8 30. Qf7 Kb8 31. Re1 Rgf8 32. Qxf8 Rxf8
33. Nd7+ Kc7 34. Nxf8 Nf5 35. h4 Kb6 36. h5 Kb5 37. h6 Nxh6 38. Rxh6 Kxb4 39.
Rh4+ Kb5 40. Nd7 a5 41. Re5 Ka6 42. c4 dxc4 43. bxc4 a4 44. Nc5+ Ka5 45. Nxb7+
Kb4 46. c5+ Kb3 47. Re3+ Kc2 48. Rxa4 Kxb2 49. Raa3 Kc2 50. Re2+ Kb1 51. Na5
1-0

[Event "2023 Fred Maris Cup (Division C)"]
[Site "Woodvale, Perth WA AUS"]
[Date "2023.07.19"]
[Round "5"]
[White "Bhatia, Abhay"]
[Black "Kerr, Lennon"]
[Result "0-1"]
[ECO "B01"]
[WhiteElo "1678"]
[BlackElo "1576"]
[PlyCount "36"]
[EventDate "2023.06.14"]
[EventType "tourn"]
[EventRounds "5"]
[EventCountry "AUS"]
[TimeControl "3000+30"]

1. e4 d5 2. exd5 Nf6 3. d4 c6 4. dxc6 Nxc6 5. Nf3 Bg4 6. Bb5 e6 7. h3 Bh5 8.
O-O Qb6 9. a4 Bd6 10. Bg5 O-O-O 11. c4 Bxf3 12. Qxf3 Nxd4 13. Qd3 Nxb5 14. Qc2
Nd4 15. Qd1 Nb3 16. Qe1 Nxa1 17. a5 Qxb2 18. Be3 Bb4 0-1

[Event "2023 Fred Maris Cup (Division D)"]
[Site "Woodvale, Perth WA AUS"]
[Date "2023.07.19"]
[Round "5"]
[White "Boswarva, Ernest"]
[Black "Kerr, Carter"]
[Result "0-1"]
[ECO "D00"]
[WhiteElo "1516"]
[BlackElo "1485"]
[PlyCount "56"]
[EventDate "2023.06.14"]
[EventType "tourn"]
[EventRounds "5"]
[EventCountry "AUS"]
[TimeControl "3000+30"]

1. d4 Nf6 2. e3 d5 3. Bd3 Nc6 4. f4 Nb4 5. Nf3 Nxd3+ 6. cxd3 Bf5 7. Nc3 e6 8.
O-O Bd6 9. Nb5 Be7 10. b3 c6 11. Ba3 cxb5 12. Bxe7 Qxe7 13. Rc1 O-O 14. Ne5
Rac8 15. Qf3 Nd7 16. e4 Rxc1 17. Rxc1 Nxe5 18. dxe5 dxe4 19. dxe4 Bg6 20. f5
exf5 21. exf5 Qg5 22. Rf1 Bh5 23. Qxb7 Qe3+ 24. Kh1 Be2 25. Rg1 Qxe5 26. g4 Qf4
27. Rg3 Rd8 28. Qg2 Rd1+ 0-1

[Event "2023 Fred Maris Cup (Division D)"]
[Site "Woodvale, Perth WA AUS"]
[Date "2023.07.19"]
[Round "5"]
[White "Leech, Martin"]
[Black "Massam, Justin"]
[Result "1-0"]
[ECO "C44"]
[WhiteElo "1522"]
[BlackElo "1479"]
[PlyCount "77"]
[EventDate "2023.06.14"]
[EventType "tourn"]
[EventRounds "5"]
[EventCountry "AUS"]
[TimeControl "3000+30"]

1. e4 e5 2. Nf3 Nc6 3. d4 exd4 4. Bc4 Bb4+ 5. c3 dxc3 6. O-O cxb2 7. Bxb2 f6 8.
Nc3 Bxc3 9. Bxc3 d6 10. Qb3 Nge7 11. Bf7+ Kf8 12. Rad1 Ng6 13. Rfe1 Qe7 14. Bd5
Nf4 15. Bd2 Nxd5 16. exd5 Ne5 17. Nxe5 fxe5 18. f4 Kf7 19. fxe5 Re8 20. e6+ Kg8
21. Re3 c6 22. Rde1 cxd5 23. Qxd5 Rb8 24. Bc3 b6 25. Rg3 Bxe6 26. Qd4 Rb7 27.
Rxe6 Qxe6 28. Rxg7+ Kf8 29. Rxb7 Qe3+ 30. Qxe3 Rxe3 31. Bb4 Rd3 32. Rxa7 Rd4
33. a3 h5 34. Rb7 Ke8 35. Rxb6 Kd7 36. Rxd6+ Rxd6 37. Bxd6 Kxd6 38. h3 Kc5 39.
g4 1-0

[Event "2023 Fred Maris Cup (Division D)"]
[Site "Woodvale, Perth WA AUS"]
[Date "2023.07.19"]
[Round "5"]
[White "Howard, Mark"]
[Black "Wu, Kobe"]
[Result "1-0"]
[ECO "C77"]
[WhiteElo "1452"]
[BlackElo "1523"]
[PlyCount "43"]
[EventDate "2023.06.14"]
[EventType "tourn"]
[EventRounds "5"]
[EventCountry "AUS"]
[TimeControl "3000+30"]

1. e4 e5 2. Nf3 Nc6 3. Bb5 a6 4. Ba4 b5 5. Bb3 Nf6 6. d3 Bc5 7. Bg5 h6 8. Bh4
d6 9. Nc3 Bb4 10. a3 Ba5 11. O-O Bxc3 12. bxc3 O-O 13. d4 Bg4 14. h3 Bh5 15.
Bd5 Qe8 16. Bxf6 gxf6 17. Qd3 Rc8 18. Nh4 Rb8 19. Nf5 Kh7 20. Qe3 Rh8 21. Qxh6+
Kg8 22. Qg7# 1-0

[Event "2023 Fred Maris Cup (Division E)"]
[Site "Woodvale, Perth WA AUS"]
[Date "2023.07.19"]
[Round "5"]
[White "Porteus, Grant"]
[Black "Walker, Colin"]
[Result "0-1"]
[ECO "C01"]
[WhiteElo "1381"]
[BlackElo "1437"]
[PlyCount "80"]
[EventDate "2023.06.14"]
[EventType "tourn"]
[EventRounds "5"]
[EventCountry "AUS"]
[TimeControl "3000+30"]

1. d4 e6 2. e4 d6 3. Bc4 d5 4. exd5 exd5 5. Bd3 Nf6 6. Bg5 Be7 7. Qe2 O-O 8. c3
Be6 9. Qc2 h6 10. h4 Qd7 11. Nf3 Nc6 12. Nbd2 Bg4 13. O-O-O Ne8 14. Rde1 Nd6
15. Kb1 Bxg5 16. hxg5 h5 17. Nh2 g6 18. f3 Bf5 19. g4 hxg4 20. Nxg4 Bxg4 21.
Rh4 Bh5 22. Reh1 Kg7 23. Nf1 Nf5 24. Bxf5 Qxf5 25. Qxf5 gxf5 26. Rxh5 Rh8 27.
Rh6 Ne7 28. Ng3 Rxh6 29. Nh5+ Rxh5 30. Rxh5 Rh8 31. Rxh8 Kxh8 32. Kc2 f4 33.
Kb3 Kg8 34. Kb4 Kf8 35. c4 dxc4 36. Kxc4 Ke8 37. b4 Kd7 38. Kc5 c6 39. a4 b6+
40. Kc4 Kd6 0-1

[Event "2023 Fred Maris Cup (Division E)"]
[Site "Woodvale, Perth WA AUS"]
[Date "2023.07.19"]
[Round "5"]
[White "Powell, Darren"]
[Black "Hounsome, David"]
[Result "0-1"]
[ECO "B00"]
[WhiteElo "1337"]
[BlackElo "1370"]
[PlyCount "90"]
[EventDate "2023.06.14"]
[EventType "tourn"]
[EventRounds "5"]
[EventCountry "AUS"]
[TimeControl "3000+30"]

1. e4 b6 2. Nf3 Bb7 3. Nc3 e6 4. a3 d5 5. e5 c5 6. d4 Nc6 7. Bb5 Nge7 8. Bg5 h6
9. Be3 a6 10. Be2 cxd4 11. Bxd4 Qc7 12. Qd2 Ng6 13. Qe3 Nxd4 14. Qxd4 Bc5 15.
Qg4 O-O 16. Qg3 b5 17. O-O d4 18. Nd1 Rad8 19. b4 Bb6 20. Bd3 Bxf3 21. Qxf3
Nxe5 22. Qe4 Nxd3 23. Qxd3 e5 24. Re1 Rfe8 25. Nb2 Qc6 26. Qe4 Qxe4 27. Rxe4 f5
28. Ree1 e4 29. Kf1 g5 30. a4 Rc8 31. Rac1 Rc7 32. axb5 axb5 33. Re2 Kf7 34.
Rd1 Rec8 35. Rdd2 e3 36. fxe3 dxe3 37. Rd6 Rc6 38. Rd3 f4 39. Ke1 Rxc2 40. Rxc2
Rxc2 41. Nd1 Ke6 42. Ra3 Ke5 43. Ra6 Bd4 44. Rxh6 Rxg2 45. Rc6 f3 0-1

[Event "2023 Fred Maris Cup (Division F)"]
[Site "Woodvale, Perth WA AUS"]
[Date "2023.07.19"]
[Round "6"]
[White "Young, Manfred"]
[Black "Curtis, Calan"]
[Result "0-1"]
[ECO "C02"]
[WhiteElo "1090"]
[BlackElo "1300"]
[PlyCount "70"]
[EventDate "2023.06.14"]
[EventType "swiss"]
[EventRounds "6"]
[EventCountry "AUS"]
[TimeControl "3000+30"]

1. d4 e6 2. e4 d5 3. e5 c5 4. Be3 cxd4 5. Bxd4 Nc6 6. Bb5 Nge7 7. Nc3 Qc7 8.
Nf3 h6 9. O-O Bd7 10. h3 Nf5 11. Bxc6 Bxc6 12. Qd2 Rc8 13. a3 Bd7 14. Bxa7 b6
15. Qe2 Qxa7 16. Nb5 Bxb5 17. Qxb5+ Qd7 18. Qxb6 Bc5 19. Qb3 O-O 20. Qd3 Qa7
21. Nh2 Bd4 22. c3 Bxe5 23. Kh1 Bxh2 24. Kxh2 Qc7+ 25. Kh1 Qc4 26. Qf3 Nd6 27.
Rad1 Ne4 28. Rfe1 Qc5 29. Re2 Rb8 30. Rd4 Rb7 31. Rc2 Rfb8 32. b4 Qc7 33. Kg1
Ra7 34. c4 Qe5 35. Qe3 Rxa3 0-1

[Event "2023 Fred Maris Cup (Division F)"]
[Site "Woodvale, Perth WA AUS"]
[Date "2023.07.19"]
[Round "6"]
[White "Bordas, Lindsay"]
[Black "Ross, Leo"]
[Result "0-1"]
[ECO "B10"]
[WhiteElo "1122"]
[BlackElo "1335"]
[PlyCount "50"]
[EventDate "2023.06.14"]
[EventType "swiss"]
[EventRounds "6"]
[EventCountry "AUS"]
[TimeControl "3000+30"]

1. e4 c6 2. Nf3 d5 3. Bd3 dxe4 4. Bxe4 Nf6 5. Nc3 Nxe4 6. Nxe4 Bf5 7. Ng3 Bg6
8. O-O e6 9. d4 Bd6 10. Ne5 Bxe5 11. dxe5 Qc7 12. Qd6 Qxd6 13. exd6 Bxc2 14.
Bf4 O-O 15. Rac1 Bf5 16. Rfd1 Nd7 17. Nxf5 exf5 18. Re1 Rfe8 19. Re7 Rxe7 20.
dxe7 Re8 21. Rd1 Nf6 22. Rd8 h6 23. Rxe8+ Nxe8 24. Bd6 f6 25. Bc7 Nxc7 0-1

[Event "2023 Fred Maris Cup (Division F)"]
[Site "Woodvale, Perth WA AUS"]
[Date "2023.07.19"]
[Round "6"]
[White "Frankland, David"]
[Black "Rennie, Mike"]
[Result "1-0"]
[ECO "C20"]
[WhiteElo "1098"]
[BlackElo "891"]
[PlyCount "117"]
[EventDate "2023.06.14"]
[EventType "swiss"]
[EventRounds "6"]
[EventCountry "AUS"]
[TimeControl "3000+30"]

1. e4 e5 2. h3 d6 3. Nc3 Nc6 4. Nd5 Nf6 5. Nxf6+ Qxf6 6. d3 Be7 7. Nf3 Nd4 8.
Nxd4 exd4 9. h4 Be6 10. Bg5 Qe5 11. Qd2 h6 12. Bxe7 Kxe7 13. f4 Qc5 14. b4 Qc6
15. f5 Bd7 16. Be2 h5 17. O-O f6 18. Bf3 Rag8 19. e5 Qb6 20. e6 Bc6 21. a3 Qb5
22. Bxc6 Qxc6 23. a4 g5 24. b5 Qd5 25. hxg5 Rxg5 26. Qf2 Rhg8 27. Qf3 Rxg2+ 28.
Kh1 Rg1+ 29. Kh2 R1g2+ 30. Kh1 Rg1+ 31. Kh2 R8g2+ 32. Kh3 Qxf3+ 33. Rxf3 Rg4
34. Rxg1 Rxg1 35. Rg3 Rxg3+ 36. Kxg3 c5 37. bxc6 bxc6 38. Kh4 c5 39. Kxh5 a5
40. Kg4 d5 41. Kf3 c4 42. Ke2 c3 43. Kf3 Kd6 44. Kg4 Ke7 45. Kh5 Kd6 46. Kg6
Ke7 47. Kg7 Kd6 48. Kxf6 Kc5 49. e7 Kb4 50. e8=Q Ka3 51. Qb5 Ka2 52. Qb3+ Ka1
53. Qxd5 Kb1 54. Ke5 Kxc2 55. f6 Kxd3 56. Qe4+ Kd2 57. Qxd4+ Kc2 58. f7 Kb2 59.
f8=Q 1-0